 Dungeon Crawl Stone Soup version 0.21-a0-450-gd87a9b2 (webtiles) character file.

21154 mortelune the Basher (level 12, -1/80 HPs)
             Began as a Gargoyle Fighter on Nov 20, 2017.
             Was an Elder of Qazlal.
             Slain by a minotaur
             ... wielding a +2 dire flail of draining
              (8 damage)
             ... in a labyrinth.
             The game lasted 00:45:56 (12958 turns).

mortelune the Basher (Gargoyle Fighter)            Turns: 12958, Time: 00:45:57

Health: -1/80      AC: 21    Str: 26    XL:     12   Next: 87%
Magic:  16/28      EV:  5    Int: 10    God:    Qazlal [****..]
Gold:   640        SH: 18    Dex:  9    Spells: 11/11 levels left

rFire    . . .     SeeInvis .   F - +6 morningstar
rCold    . . .     Gourm    .   c - +0 shield
rNeg     + . .     Faith    .   U - +0 plate armour
rPois    ∞         Spirit   .   k - +1 helmet
rElec    +         Reflect  .   (no cloak)
rCorr    +         Harm     .   (no gloves)
MR       +....                  (no boots)
Stlth    ..........             E - amulet of magic regeneration
HPRegen  0.23/turn              t - ring of magical power
MPRegen  0.46/turn              R - ring of resist corrosion

@: repel missiles
A: large bone plates 1, deformed body, magic resistance 1, negative energy
resistance 1, electricity resistance, strong 1, wild magic 2, unbreathing,
petrification resistance, rot immunity, AC +8
a: Upheaval, Elemental Force, Renounce Religion


You were in a labyrinth.
You worshipped Qazlal.
Qazlal was greatly pleased with you.
You were very hungry.

You visited 2 branches of the dungeon, and saw 13 of its levels.
You also visited: Labyrinth.

You collected 640 gold pieces.

Inventory:

Hand Weapons
 B - a +6 flail of holy wrath
 F - a +6 morningstar (weapon)
Missiles
 D - 2 throwing nets (quivered)
Armour
 c - a +0 shield (worn)
 k - a +1 helmet (worn)
 U - a +0 plate armour (worn)
Jewellery
 t - a ring of magical power (left hand)
 E - an amulet of magic regeneration (around neck)
 R - a ring of resist corrosion (right hand)
Wands
 y - a wand of enslavement (6/24)
 G - a wand of polymorph (10/24)
 H - a wand of confusion (22/48)
 W - a wand of flame (22/48)
Scrolls
 j - 7 scrolls of remove curse
 m - 3 scrolls of blinking
 n - a scroll of immolation
 o - a scroll of recharging {unknown}
 r - 3 scrolls of enchant armour
 w - a scroll of fog
 I - a scroll of brand weapon {unknown}
 O - a scroll of fear
 S - a scroll of holy word
 V - 2 scrolls of amnesia
Potions
 d - 2 potions of might
 g - 4 potions of flight
 h - 4 potions of magic
 q - 2 potions of berserk rage
 s - 3 potions of heal wounds
 v - 4 potions of curing
 J - a potion of brilliance
 P - a potion of invisibility
Books
 l - a book of Misfortune

   Spells                             Type                      Level
   a - Confusing Touch                Hexes                        1
   b - Confuse                        Hexes                        3
   c - Gell's Gravitas                Translocation                3
   d - Petrify                        Transmutation/Earth          4
   e - Metabolic Englaciation         Hexes/Ice                    5
   f - Yara's Violent Unravelling     Hexes/Transmutation          5
 K - Sif Muna's Volume of Envenoming and Clay
   (You found it on level 9 of the Dungeon)

   Spells                             Type                      Level
   a - Poisonous Vapours              Poison/Air                   2
   b - Stone Arrow                    Conjuration/Earth            3
   c - Ignite Poison                  Fire/Transmutation/Poison    3
   d - Olgreb's Toxic Radiance        Poison                       4
   e - Lee's Rapid Deconstruction     Earth                        5
 T - a book of Flames

   Spells                             Type                      Level
   a - Flame Tongue                   Conjuration/Fire             1
   b - Throw Flame                    Conjuration/Fire             2
   c - Conjure Flame                  Conjuration/Fire             3
   d - Inner Flame                    Hexes/Fire                   3
   e - Sticky Flame                   Conjuration/Fire             4
   f - Fireball                       Conjuration/Fire             5
 Z - a book of Transfigurations

   Spells                             Type                      Level
   a - Irradiate                      Conjuration/Transmutation    5
   b - Statue Form                    Transmutation/Earth          6
   c - Hydra Form                     Transmutation                6
   d - Dragon Form                    Transmutation                7
Comestibles
 f - 11 bread rations
 i - 9 meat rations
 p - 2 royal jellies
 u - 2 fruits


   Skills:
 + Level 11.0 Fighting
 * Level 13.1 Maces & Flails
 + Level 11.0 Armour
 - Level 3.2 Shields
 + Level 10.1 Invocations


You had 11 spell levels left.
You didn't know any spells.

Dungeon Overview and Level Annotations

Branches:
Dungeon (11/15)            Temple (0/1) D:7            Lair (2/6) D:11
 Spider (0/4) Lair:2          Orc (0/2) D:11
  Swamp: Lair:2-4    Shoals: Lair:2-4

Altars:
Cheibriados
Fedhas
Gozag
Hepliaklqana
Nemelex Xobeh
Qazlal
Trog
Uskayaw
Yredelemnul
Zin
The Shining One

Shops:
D:4 *   D:7 [

Annotations:
Lair:2 1 transporter


Innate Abilities, Weirdness & Mutations

You are resistant to torment.
Your stone body is resilient. (AC +8)
You are immune to poison.
You resist negative energy. (rN+)
You are resistant to electric shocks. (rElec)
You can survive without breathing.
You are immune to petrification.
You are immune to rotting.
You are partially covered in large bone plates. (SH +4)
Armour fits poorly on your strangely shaped body.
You are resistant to hostile enchantments. (MR+)
Your muscles are strong. (Str +2)
Your spells are harder to cast, but more powerful.


Message History

Ouch! That really hurt!
The minotaur barely misses you.
You puncture the minotaur!
The minotaur is lightly wounded.
You block the minotaur's attack.
The minotaur gores you but does no damage.
The minotaur is engulfed in blazing flames.
You block the minotaur's attack.
The minotaur gores you but does no damage.
There is an open door here.
Nature churns violently around you!
The blast of magma engulfs the minotaur.
The minotaur is heavily wounded.
You can no longer call upon nature's wrath in a wide area around you.
You block the minotaur's attack. x2
Clouds arounds you coalesce and take form!
The minotaur hits you with a dire flail of draining!!
* * * LOW HITPOINT WARNING * * *
The minotaur gores you!
You die...

. ...## #. #.# ..
#. ##. . .. #.##
# ..
#.....#.#...# ..
.## #.#.#######
.# . .#. .. #
#.#########.### #
#
..#.#..§....#...#
##.#...§.E§....#
# .#. ###@###..#
##. #..H..#.##
###E### . E≈. #
≈≈<≈≈ #≈≈≈≈≈#
#######


You could see a minotaur (berserk), 2 friendly fire elementals and a friendly
air elemental.

Vanquished Creatures
  2 hydras
  A catoblepas (Lair:2)
  2 two-headed ogres
  3 death yaks
  A black mamba (Lair:2)
  The ghost of cirnu the Slasher, a novice DsAK of Lugonu (D:5)
  A gargoyle (D:8)
  2 spiny frogs
  A rime drake (Lair:2)
  A komodo dragon (Lair:1)
  A troll (D:9)
  17 blink frogs (Lair:1)
  A hornet (D:9)
  3 hippogriffs
  2 water elementals (D:11)
  2 wyverns
  7 yaks (D:11)
  3 hungry ghosts
  Edmund (D:6)
  A soldier ant (D:10)
  3 ice beasts
  3 sky beasts
  6 water moccasins
  3 orc warriors
  3 porcupines
  3 black bears
  A hornet zombie (D:6)
  5 phantoms
  7 ogres
  A necrophage (D:10)
  3 crocodiles
  5 centaurs
  A big kobold (D:11)
  10 bullfrogs
  A wyvern zombie (D:9)
  A scorpion (D:9)
  A water moccasin skeleton (D:9)
  5 wights (D:8)
  8 electric eels
  3 centaur zombies
  4 howler monkeys
  5 crimson imps
  A jelly (D:9)
  4 hounds
  4 orc priests
  2 bullfrog skeletons
  2 iguanas
  Natasha (D:2)
  10 orc wizards
  6 worker ants
  2 hell rats (Lair:1)
  4 hound zombies
  A hound skeleton (D:2)
  A worker ant zombie (D:9)
  3 gnolls
  A howler monkey skeleton (D:5)
  17 adders
  4 river rats
  A shadow imp (D:8)
  2 oozes
  A worm (D:5)
  4 dart slugs
  5 leopard geckos
  48 orcs
  7 bats
  10 giant cockroaches
  12 hobgoblins
  3 jackals (D:10)
  11 kobolds
  4 quokkas
  A ball python (D:6)
  11 frilled lizards
  10 goblins
  2 jackal skeletons (D:5)
  3 leopard gecko skeletons
  13 rats
346 creatures vanquished.

Vanquished Creatures (collateral kills)
  2 yaks (D:11)
  A hungry ghost (D:11)
  A jelly (D:11)
  An orc wizard (D:11)
  A kobold (D:11)
6 creatures vanquished.

Grand Total: 352 creatures vanquished

Notes
Turn   | Place    | Note
-------+----------+-------------------------------------------
     0 | D:1      | mortelune the Gargoyle Fighter began the quest for the Orb.
     0 | D:1      | Reached XP level 1. HP: 14/14 MP: 1/1
   179 | D:1      | Reached XP level 2. HP: 19/19 MP: 2/2
   541 | D:1      | Reached XP level 3. HP: 24/24 MP: 3/3
  1192 | D:2      | Reached XP level 4. HP: 22/29 MP: 4/4
  1286 | D:2      | Reached skill level 3 in Maces & Flails
  1465 | D:2      | Noticed Natasha
  1469 | D:2      | Killed Natasha
  1672 | D:2      | Found a stormy altar of Qazlal.
  1672 | D:2      | Found a faded altar of an unknown god.
  1680 | D:2      | Found a blossoming altar of Fedhas.
  1683 | D:2      | Became a worshipper of Qazlal Stormbringer
  1686 | D:2      | Found a faded altar of an unknown god.
  1688 | D:2      | Found a hide-covered altar of Uskayaw.
  1805 | D:2      | Reached XP level 5. HP: 34/34 MP: 5/5
  2147 | D:3      | Reached skill level 1 in Invocations
  2239 | D:3      | Noticed a centaur
  2514 | D:3      | Killed a centaur
  2514 | D:3      | Reached XP level 6. HP: 37/40 MP: 7/7
  2525 | D:3      | Reached * piety under Qazlal
  2525 | D:3      | Reached skill level 4 in Maces & Flails
  2762 | D:4      | Reached skill level 5 in Armour
  2769 | D:4      | Noticed a phantom
  2772 | D:4      | Reached skill level 5 in Fighting
  2812 | D:4      | Killed a phantom
  2812 | D:4      | Reached XP level 7. HP: 25/44 MP: 8/8
  3343 | D:4      | Reached skill level 5 in Maces & Flails
  3636 | D:4      | Found a bloodstained altar of Trog.
  3697 | D:4      | Found Dino Liti's Serpentskin Sales.
  3755 | D:4      | Reached XP level 8. HP: 17/51 MP: 10/10
  4106 | D:5      | Entered Level 5 of the Dungeon
  4106 | D:5      | Noticed cirnu's ghost (novice DsAK)
  4154 | D:5      | Killed cirnu's ghost
  4154 | D:5      | Reached skill level 6 in Maces & Flails
  4408 | D:5      | Found a hazy altar of Hepliaklqana.
  4491 | D:5      | Gained mutation: Armour fits poorly on your strangely shaped body. [mutagenic meat]
  4492 | D:5      | Gained mutation: Your spells are a little harder to cast, but a little more powerful. [mutagenic meat]
  4493 | D:5      | Gained mutation: Your spells are harder to cast, but more powerful. [mutagenic meat]
  4494 | D:5      | Gained mutation: Your muscles are strong. (Str +2) [mutagenic meat]
  4495 | D:5      | Gained mutation: You have large cloven feet. [mutagenic meat]
  4496 | D:5      | Gained mutation: Your large and strong wings let you fly indefinitely. [mutagenic meat]
  4640 | D:5      | Reached ** piety under Qazlal
  5128 | D:6      | Noticed Edmund
  5140 | D:6      | Killed Edmund
  5140 | D:6      | Reached skill level 7 in Maces & Flails
  5140 | D:6      | Reached XP level 9. HP: 47/56 MP: 12/12
  5297 | D:6      | Reached skill level 5 in Invocations
  5469 | D:7      | Found a basalt altar of Yredelemnul.
  5646 | D:7      | Noticed a two-headed ogre
  5651 | D:7      | Killed a two-headed ogre
  5651 | D:7      | Reached skill level 8 in Maces & Flails
  5811 | D:7      | Found a sparkling altar of Nemelex Xobeh.
  6024 | D:7      | Found a staircase to the Ecumenical Temple.
  6386 | D:7      | Found Vojer's Armour Boutique.
  6530 | D:8      | Reached *** piety under Qazlal
  6534 | D:8      | Noticed a gargoyle
  6540 | D:8      | Killed a gargoyle
  6540 | D:8      | Reached XP level 10. HP: 47/64 MP: 14/14
  6551 | D:8      | Reached skill level 9 in Maces & Flails
  7371 | D:8      | Found an opulent altar of Gozag.
  7396 | D:8      | Found a snail-covered altar of Cheibriados.
  7868 | D:9      | Noticed a two-headed ogre
  8045 | D:9      | Killed a two-headed ogre
  8045 | D:9      | Reached skill level 10 in Maces & Flails
  8101 | D:9      | Identified Sif Muna's Volume of Envenoming and Clay
  8150 | D:9      | Found a glowing silver altar of Zin.
  8387 | D:9      | Reached XP level 11. HP: 33/71 MP: 16/16
  8922 | D:10     | Entered Level 10 of the Dungeon
  9123 | D:10     | Reached **** piety under Qazlal
  9704 | D:10     | Found a glowing golden altar of the Shining One.
  9967 | D:11     | Reached skill level 11 in Maces & Flails
 10226 | D:11     | Found a staircase to the Orcish Mines.
 10234 | D:11     | Noticed a death yak
 10240 | D:11     | Noticed a death yak
 10240 | D:11     | Noticed a death yak
 10504 | D:11     | Killed a death yak
 10512 | D:10     | Killed a death yak
 10760 | D:11     | Killed a death yak
 10786 | D:11     | Reached skill level 10 in Fighting
 10797 | D:11     | Reached skill level 10 in Armour
 10915 | D:11     | Reached XP level 12. HP: 52/77 MP: 18/18
 11064 | D:11     | Found a staircase to the Lair.
 11355 | Lair:1   | Entered Level 1 of the Lair of Beasts
 11367 | Lair:1   | Reached skill level 12 in Maces & Flails
 12107 | Lair:1   | Noticed a four-headed hydra
 12117 | Lair:1   | Killed a four-headed hydra
 12176 | Lair:1   | Lost mutation: Your large and strong wings let you fly indefinitely. [potion of mutation]
 12176 | Lair:1   | Gained mutation: You are resistant to hostile enchantments. (MR+) [potion of mutation]
 12176 | Lair:1   | Lost mutation: You have large cloven feet. [potion of mutation]
 12176 | Lair:1   | Gained mutation: You are partially covered in large bone plates. (SH +4) [potion of mutation]
 12188 | Lair:1   | Reached ***** piety under Qazlal
 12529 | Lair:2   | Found a transporter.
 12539 | Lair:2   | Noticed a catoblepas
 12554 | Lair:2   | Killed a catoblepas
 12561 | Lair:2   | Noticed a five-headed hydra
 12572 | Lair:2   | Killed a five-headed hydra
 12572 | Lair:2   | Reached skill level 13 in Maces & Flails
 12572 | Lair:2   | Reached skill level 10 in Invocations
 12680 | Lair:2   | Found a labyrinth entrance.
 12702 | Lab      | Entered a labyrinth
 12950 | Lab      | Noticed a minotaur
 12958 | Lab      | Slain by a minotaur

Vault maps used:
D:1:      lightli_arrival_boilingwater, minmay_tromino_v7
D:2:      chequers_temple_overflow_minitemple, first_bread,
          minmay_close_crescents, uniq_natasha
D:4:      kennysheep_little_box, guppyfry_shop_venom
D:5:      overflow_temple_1_default, kennysheep_nub
D:6:      uniq_edmund
D:7:      lemuel_crystal_altar, old_standard_altar,
          minmay_temple_entry_glassed_door, serial_shops,
          nicolae_shop_behind_doors, serial_glass, glass_columns_b,
          glass_columns_c, glass_columns_b, glass_columns_a, glass_columns_a,
          glass_columns_c, grunt_ogre_cave, kennysheep_generic_room_4
D:8:      old_standard_altar, grunt_gozag_statues
D:9:      zin_treasury, eino_tiny_chamber
D:10:     kennysheep_blocky_hall, nicolae_tso_swordbearing_angel
D:11:     dpeg_lair_monsters, orc_0_dummy, portal_ice_cave_entry_pillars_1,
          minmay_misc_feat_five, kennysheep_decorative_pillar
Lair:1:   nicolae_quartered_pool_little, kennysheep_abandoned_house
Lair:2:   gammafunk_cloud_chamber, spider_nest_entry_rubble, lab_entry_generic
Lab:      labyrinth_watery, nicolae_lab_big_swirl, labyrinth_skeletal_remains,
          nicolae_lab_do_over, labyrinth_glass_1, nicolae_lab_lava

Skill      XL: |  1  2  3  4  5  6  7  8  9 10 11 12 |
---------------+-------------------------------------+-----
Fighting       | 4 5 6 7 9 10 11 | 11.0
Armour         | 4 5 6 7 9 10 11 | 11.0
Maces & Flails | 3 4 5 7 8 10 11 13 | 13.1
Invocations    | 1 2 3 4 6 7 9 10 | 10.1
Shields        | |  3.2

Action                   |  1- 3 |  4- 6 |  7- 9 | 10-12 || total
-------------------------+-------+-------+-------+-------++-------
Melee: Flail             |   145 |   201 |   281 |    41 ||   668
       Morningstar       |       |       |    29 |   536 ||   565
       Kick              |       |       |    39 |   132 ||   171
Invok: Upheaval          |       |       |       |     4 ||     4
       Elemental Force   |       |       |       |     3 ||     3
       Disaster Area     |       |       |       |     1 ||     1
 Abil: Fly               |       |       |     1 |       ||     1
  Use: Scroll            |     1 |       |     6 |    15 ||    22
       Potion            |       |       |       |     1 ||     1
 Stab: Petrified         |       |       |       |     1 ||     1
  Eat: Chunk             |     1 |     5 |    13 |    23 ||    42
       Meat ration       |       |       |     1 |       ||     1
       Royal jelly       |       |       |       |     1 ||     1
Armor: Scale mail        |    95 |   104 |   181 |    69 ||   449
       Plate armour      |       |       |       |   194 ||   194
       Chain mail        |       |       |       |    13 ||    13
Dodge: Dodged            |    58 |    71 |    97 |   101 ||   327
       Deflected         |       |       |       |     3 ||     3
Block: Shield            |   103 |   118 |   222 |   471 ||   914

Table legend:
 A = Spawn XP
 B = Non-spawn XP
 C = Spawn XP percentage of total XP
 D = Spawn monster count
 E = Non-spawn monster count
 F = Spawn count percentage of total count
 G = Total turns spent on level
                    A         B        C        D         E        F      G
               +---------+---------+-------+---------+---------+-------+---------
         Total |       0 |   30221 |   0.0 |       0 |     352 |   0.0 | 12958
               +---------+---------+-------+---------+---------+-------+---------
           D:1 |       0 |      54 |   0.0 |       0 |      31 |   0.0 |  1041
           D:2 |       0 |     133 |   0.0 |       0 |      18 |   0.0 |  1187
           D:3 |       0 |     258 |   0.0 |       0 |      30 |   0.0 |   487
           D:4 |       0 |     765 |   0.0 |       0 |      26 |   0.0 |  1423
           D:5 |       0 |     780 |   0.0 |       0 |      14 |   0.0 |   832
           D:6 |       0 |     788 |   0.0 |       0 |      11 |   0.0 |   488
           D:7 |       0 |    1472 |   0.0 |       0 |      19 |   0.0 |  1162
           D:8 |       0 |    2125 |   0.0 |       0 |      22 |   0.0 |  1235
           D:9 |       0 |    3225 |   0.0 |       0 |      40 |   0.0 |  1067
          D:10 |       0 |    2887 |   0.0 |       0 |      31 |   0.0 |  1492
          D:11 |       0 |    6318 |   0.0 |       0 |      61 |   0.0 |   941
        Lair:1 |       0 |    6810 |   0.0 |       0 |      34 |   0.0 |  1174
        Lair:2 |       0 |    4606 |   0.0 |       0 |      15 |   0.0 |   173
               +---------+---------+-------+---------+---------+-------+---------
